 Dungeon Crawl Stone Soup version 0.22-a0-447-gee5f723 (webtiles) character file.

14 incide the Charmwright (level 2, -2/26 HPs)
             Began as a Gnoll Skald on June 3, 2018.
             Slain by a hobgoblin
             ... wielding a +0 club
              (4 damage)
             ... on level 2 of the Dungeon.
             The game lasted 00:00:38 (561 turns).

incide the Charmwright (Gnoll Skald)                 Turns: 561, Time: 00:00:39

Health: -2/26      AC:  3    Str: 13    XL:     2   Next: 41%
Magic:  7/7        EV: 14    Int: 15    God:
Gold:   48         SH:  0    Dex: 14    Spells: 5/10 levels left

rFire    . . .     SeeInvis .   a - +0 hand axe
rCold    . . .     Gourm    .   (no shield)
rNeg     . . .     Faith    .   b - +0 leather armour
rPois    .         Spirit   .   (no helmet)
rElec    .         Reflect  .   (no cloak)
rCorr    .         Harm     .   (no gloves)
MR       .....                  (no boots)
Stlth    +.........             (no amulet)
HPRegen  0.08/turn              (no ring)
MPRegen  0.10/turn              (no ring)

@: no status effects
A: distributed training, fangs 1, strong nose
a: no special abilities


You were on level 2 of the Dungeon.
You were not hungry.

You visited 1 branch of the dungeon, and saw 2 of its levels.

You collected 48 gold pieces.

Inventory:

Hand Weapons
 a - a +0 hand axe (weapon)
Armour
 b - a +0 leather armour (worn)
Scrolls
 e - 4 scrolls of identify {unknown}
 i - a scroll of remove curse {unknown}
Potions
 c - a potion of brilliance {unknown}
 f - 2 potions of mutation {unknown}
 g - 2 potions of lignification {unknown}
 h - a potion of curing {unknown}
Comestibles
 d - 5 rations


   Skills:
 + Level 4.5 Fighting
 + Level 0.4 Short Blades
 + Level 0.4 Long Blades
 + Level 4.5 Axes
 + Level 0.4 Maces & Flails
 + Level 0.4 Polearms
 + Level 0.4 Staves
 + Level 0.4 Slings
 + Level 0.4 Bows
 + Level 0.4 Crossbows
 + Level 0.4 Throwing
 + Level 2.5 Armour
 + Level 4.5 Dodging
 + Level 0.4 Stealth
 + Level 0.4 Shields
 + Level 0.4 Unarmed Combat
 + Level 4.9 Spellcasting
 + Level 0.2 Conjurations
 + Level 0.2 Hexes
 + Level 5.3 Charms
 + Level 0.2 Summonings
 + Level 0.2 Necromancy
 + Level 0.2 Translocations
 + Level 0.2 Transmutations
 + Level 0.2 Fire Magic
 + Level 0.2 Ice Magic
 + Level 0.2 Air Magic
 + Level 0.2 Earth Magic
 + Level 0.2 Poison Magic
 + Level 0.5 Invocations
 + Level 0.4 Evocations


You had 5 spell levels left.
You knew the following spells:

 Your Spells              Type           Power        Failure   Level  Hunger
a - Infusion              Chrm           ###.         2%          1    None
b - Song of Slaying       Chrm           ###.....     3%          2    ##.....
c - Shroud of Golubria    Chrm/Tloc      ##........   10%         2    ##.....

Your spell library contained the following spells:

 Spells                   Type           Power        Failure   Level  Hunger
 Regeneration             Chrm/Necr      ##........   21%         3    ###....
 Spectral Weapon          Hex/Chrm       ##......     21%         3    ###....


Dungeon Overview and Level Annotations

Branches:
Dungeon (2/15)

Altars:


Innate Abilities, Weirdness & Mutations

Your experience applies equally to all skills.
You have very sharp teeth.
Your uncanny sense of smell can sniff out nearby items.


Message History

The worm is almost dead.
You hit the worm.
You kill the worm!
Memorise Song of Slaying, consuming 2 spell levels and leaving 7?
You start memorising the spell.
You continue memorising. x2
You finish memorising.
Spell assigned to 'b'.
Memorise Shroud of Golubria, consuming 2 spell levels and leaving 5?
You start memorising the spell.
You continue memorising. x2
You finish memorising.
Spell assigned to 'c'.
You start resting.
An adder comes into view.
An adder is nearby!
There is a stone staircase leading down here.
A hobgoblin comes into view. It is wielding a club.
The adder hisses angrily.
The hobgoblin shouts!
The hobgoblin misses you. The hobgoblin hits you with a club.
* * * LOW HITPOINT WARNING * * *
The hobgoblin hits you with a club.
You die...

.##.##### ###########.#
........#####...........#
#............#......^..#
#........S.>...##.###.##
#.####.######.###.# #.#
#.## #.# #.# #.##
#.####.S# #.# #.# #...
#.....g.# #.# #.# ###.
#######@# #S# #.# #.# ...
#.# #.# ... #.. #.# #.#
..# ... .#.


You could see an adder and a hobgoblin.

Vanquished Creatures
  A worm (D:2)
  A leopard gecko (D:1)
  2 hobgoblins (D:1)
  A bat (D:1)
  2 frilled lizards (D:1)
  2 kobolds (D:1)
  3 rats
12 creatures vanquished.

Notes
Turn   | Place    | Note
-------+----------+-------------------------------------------
     0 | D:1      | incide the Gnoll Skald began the quest for the Orb.
     0 | D:1      | Reached XP level 1. HP: 20/20 MP: 6/6
   273 | D:1      | Reached XP level 2. HP: 26/26 MP: 7/7
   516 | D:2      | HP: 2/26 [worm (7)]
   522 | D:2      | Learned a level 2 spell: Song of Slaying
   525 | D:2      | Learned a level 2 spell: Shroud of Golubria
   560 | D:2      | HP: 2/26 [hobgoblin/club (3)]
   561 | D:2      | Slain by a hobgoblin

Vault maps used:
D:1:      scummos_arrival_checkerplants
D:2:      chequers_ecumenical_altar_island

Action                   || total
-------------------------++-------
Melee: Hand axe          ||    45
       Bite              ||     3
 Stab: Sleeping          ||     1
Armor: Leather armour    ||     6
Dodge: Dodged            ||    21

Table legend:
 A = Spawn XP
 B = Non-spawn XP
 C = Spawn XP percentage of total XP
 D = Spawn monster count
 E = Non-spawn monster count
 F = Spawn count percentage of total count
 G = Total turns spent on level
                    A         B        C        D         E        F      G
               +---------+---------+-------+---------+---------+-------+---------
         Total |       0 |      20 |   0.0 |       0 |      12 |   0.0 |   561
               +---------+---------+-------+---------+---------+-------+---------
           D:1 |       0 |      14 |   0.0 |       0 |      10 |   0.0 |   457
           D:2 |       0 |       6 |   0.0 |       0 |       2 |   0.0 |   104
               +---------+---------+-------+---------+---------+-------+---------
